 Dungeon Crawl Stone Soup version 0.29.1-12-g30fa7ad0bf (webtiles) character file.

Game seed: 12987393445049851681

530039 retardedninja the Axe Maniac (level 25, -3/385 HPs)
             Began as a Hill Orc Fighter on Dec 13, 2022.
             Was an Initiate of Gozag.
             Killed from afar by a black draconian knight (7 damage)
             ... with a bolt of lightning
             ... led by a yellow draconian annihilator
             ... on level 4 of the Depths on Dec 14, 2022.
             The game lasted 02:19:39 (89559 turns).

retardedninja the Axe Maniac (Hill Orc Fighter)    Turns: 89559, Time: 02:19:39

Health: -3/385     AC: 46    Str: 41    XL:     25   Next: 60%
Magic:  0/23       EV: 10    Int:  8    God:    Gozag
Gold:   3620       SH: 20    Dex:  9    Spells: 24/24 levels left

rFire   + + .      SeeInvis .   a - +9 war axe (flame)
rCold   . . .      Faith    .   c - +5 kite shield
rNeg    . . .      Spirit   +   H - +10 plate armour {ponderous}
rPois   +          Reflect  .   m - +2 helmet
rElec   +          Harm     .   S - +2 cloak {rPois}
rCorr   +          Rampage  .   D - +3 pair of gauntlets of War {Slay+5}
Will    ++...                   C - +2 pair of boots
Stlth   ..........              u - amulet of Jelel {Spirit +Inv Str+3 Dex+2}
HPRegen 0.74/turn               X - ring of Hismer {Fire Will+ Str+7 Dex-3}
MPRegen 0.18/turn               U - +4 ring of slaying

@: mighty, berserking (expiring), resistant, hasted, studying 8 skills, very
quick
A: no striking features
}: 3/15 runes: decaying, serpentine, silver
a: Renounce Religion, Evoke Invisibility, Potion Petition, Call Merchant, Bribe
Branch


You were on level 4 of the Depths.
You worshipped Gozag.
Gozag was most pleased with you.
You visited 12 branches of the dungeon, and saw 48 of its levels.
You visited the Abyss 1 time.
You also visited: Trove.

You collected 28379 gold pieces.
You spent 5185 gold pieces at shops.
You paid 19574 gold pieces to Gozag.

Inventory:

Hand Weapons
 a - a +9 war axe of flaming (weapon)
Missiles
 o - 14 silver boomerangs (quivered)
Armour
 c - a +5 kite shield (worn)
 m - a +2 helmet (worn)
 C - a +2 pair of boots (worn)
 D - the +3 pair of gauntlets of War (worn) {Slay+5}
   (You bought it in a shop on level 14 of the Dungeon)

   Slay:      It affects your accuracy & damage with ranged weapons and melee
   (+5).
 H - a +10 plate armour of ponderousness (worn)
 S - a +2 cloak of poison resistance (worn)
Jewellery
 u - the amulet of Jelel (around neck) {Spirit +Inv Str+3 Dex+2}
   (You bought it in a shop on level 4 of the Vaults)

   [amulet of guardian spirit]

   It causes incoming damage to be divided between your reserves of health and
   magic.
   Str:       It affects your strength (+3).
   Dex:       It affects your dexterity (+2).
   +Inv:      It lets you turn invisible.
 U - a +4 ring of slaying (right hand)
 X - the ring of Hismer (left hand) {Fire Will+ Str+7 Dex-3}
   (You found it on level 3 of the Elven Halls)

   [ring of fire]

   It enhances your fire magic.
   Str:       It affects your strength (+7).
   Dex:       It affects your dexterity (-3).
   rF:        It protects you from fire.
   rC:        It makes you vulnerable to cold.
   Will:      It increases your willpower.
Wands
 b - a wand of quicksilver (30)
 e - a wand of digging (5)
 i - a wand of mindburst (59)
 n - a wand of polymorph (21)
 t - a wand of paralysis (56)
 w - a wand of iceblast (39)
 z - a wand of flame (88)
Scrolls
 d - 3 scrolls of silence
 f - 6 scrolls of teleportation
 k - 9 scrolls of poison
 l - 10 scrolls of amnesia
 A - 7 scrolls of vulnerability
 J - 7 scrolls of fear
 L - 4 scrolls of butterflies
 Q - 6 scrolls of immolation
Potions
 g - 5 potions of brilliance
 h - 5 potions of attraction
 j - a potion of resistance
 p - 21 potions of curing
 s - 7 potions of flight
 v - a potion of invisibility
 B - 3 potions of heal wounds
 E - 8 potions of mutation
 F - 14 potions of ambrosia
 I - a potion of haste
 M - 3 potions of magic
 N - 3 potions of cancellation
Miscellaneous
 r - a tin of tremorstones (2/2)
 x - the horn of Geryon
 y - a piece from Xom's chessboard (15/15)
 G - a condenser vane
 P - a phantom mirror
 R - a phial of floods
 T - a box of beasts


   Skills:
 O Level 27 Fighting
 O Level 27 Axes
 - Level 8.6 Throwing
 + Level 21.6 Armour
 + Level 3.5 Dodging
 - Level 2.4 Stealth
 + Level 23.1 Shields
 + Level 0.5 Unarmed Combat
 - Level 0.1 Invocations
 * Level 13.9 Evocations


You had 24 spell levels left.
You didn't know any spells.
Your spell library contained the following spells:

 Spells                   Type           Power      Damage    Failure   Level
 Apportation              Tloc           0%         N/A       80%         1
 Beastly Appendage        Tmut           0%         N/A       80%         1
 Foxfire                  Conj/Fire      0%         2x1d4     80%         1
 Freeze                   Ice            0%         1d3       80%         1
 Magic Dart               Conj           0%         1d3       80%         1
 Necrotise                Necr           0%         1d4       80%         1
 Sandblast                Erth           0%         2d4       80%         1
 Shock                    Conj/Air       0%         1d3       80%         1
 Slow                     Hex            0%         N/A       80%         1
 Sting                    Tmut/Pois      0%         1d3       80%         1
 Summon Small Mammal      Summ           0%         N/A       80%         1
 Scorch                   Fire           0%         2d5       90%         2
 Blink                    Tloc           0%         N/A       91%         2
 Call Imp                 Summ           0%         N/A       91%         2
 Ensorcelled Hibernation  Hex/Ice        0%         N/A       91%         2
 Passwall                 Tmut/Erth      0%         N/A       91%         2
 Poisonous Vapours        Pois/Air       0%         N/A       91%         2
 Searing Ray              Conj           0%         2d4       91%         2
 Static Discharge         Conj/Air       0%         3-3/arc   91%         2
 Sublimation of Blood     Necr           0%         N/A       91%         2
 Wereblood                Tmut           0%         N/A       91%         2
 Confusing Touch          Hex            0%         N/A       99%         3
 Conjure Flame            Conj/Fire      0%         6-21      99%         3
 Dazzling Flash           Conj/Hex       0%         N/A       99%         3
 Gell's Gravitas          Tloc           0%         N/A       99%         3
 Ignite Poison            Fire/Tmut/Pois 0%         N/A       99%         3
 Inner Flame              Hex/Fire       0%         N/A       99%         3
 Lesser Beckoning         Tloc           0%         N/A       99%         3
 Mephitic Cloud           Conj/Pois/Air  0%         N/A       99%         3
 Ozocubu's Armour         Ice            0%         N/A       99%         3
 Spider Form              Tmut/Pois      0%         N/A       99%         3
 Stone Arrow              Conj/Erth      0%         3d7       99%         3
 Swiftness                Air            0%         N/A       99%         3
 Teleport Other           Tloc           0%         N/A       99%         3
 Tukima's Dance           Hex            0%         N/A       99%         3
 Vampiric Draining        Necr           0%         2d6       99%         3
 Airstrike                Air            0%         2d(0-16)  100%        4
 Anguish                  Hex/Necr       0%         N/A       100%        4
 Animate Armour           Summ/Erth      0%         N/A       100%        4
 Cause Fear               Hex            0%         N/A       100%        4
 Dispel Undead            Necr           0%         3d6       100%        4
 Flame Wave               Conj/Fire      0%         2d4       100%        4
 Fulminant Prism          Conj/Hex       0%         3d6       100%        4
 Hailstorm                Conj/Ice       0%         3d3       100%        4
 Ice Form                 Ice/Tmut       0%         N/A       100%        4
 Iskenderun's Mystic Bla  Conj/Tloc      0%         2d3       100%        4
 Leda's Liquefaction      Hex/Erth       0%         N/A       100%        4
 Olgreb's Toxic Radiance  Pois           0%         N/A       100%        4
 Passage of Golubria      Tloc           0%         N/A       100%        4
 Petrify                  Tmut/Erth      0%         N/A       100%        4
 Summon Ice Beast         Ice/Summ       0%         N/A       100%        4
 Summon Lightning Spire   Summ/Air       0%         N/A       100%        4
 Agony                    Necr           0%         N/A       100%        5
 Alistair's Intoxication  Tmut/Pois      0%         N/A       100%        5
 Fireball                 Conj/Fire      0%         3d3       100%        5
 Freezing Cloud           Conj/Ice/Air   0%         6-21      100%        5
 Irradiate                Conj/Tmut      0%         3d11      100%        5
 Iskenderun's Battlesphe  Conj           0%         2d6       100%        5
 Lee's Rapid Deconstruct  Erth           0%         3d5*      100%        5
 Lightning Bolt           Conj/Air       0%         1d11      100%        5
 Manifold Assault         Tloc           0%         N/A       100%        5
 Metabolic Englaciation   Hex/Ice        0%         N/A       100%        5
 Silence                  Hex/Air        0%         N/A       100%        5
 Summon Forest            Summ/Tloc      0%         N/A       100%        5
 Summon Mana Viper        Hex/Summ       0%         N/A       100%        5
 Yara's Violent Unravell  Hex/Tmut       0%         3d3       100%        5
 Conjure Ball Lightning   Conj/Air       0%         3x3d6     100%        6
 Death Channel            Necr           0%         N/A       100%        6
 Iron Shot                Conj/Erth      0%         9d1       100%        6
 Starburst                Conj/Fire      0%         6d3       100%        6
 Statue Form              Tmut/Erth      0%         N/A       100%        6
 Summon Cactus Giant      Summ           0%         N/A       100%        6
 Enfeeble                 Hex            0%         N/A       100%        7
 Orb of Destruction       Conj           0%         9d5       100%        7
 Storm Form               Tmut/Air       0%         N/A       100%        7
 Summon Hydra             Summ           0%         N/A       100%        7
 Discord                  Hex            0%         N/A       100%        8
 Disjunction              Tloc           0%         N/A       100%        8
 Lehudib's Crystal Spear  Conj/Erth      0%         10d2      100%        8
 Summon Horrible Things   Summ           0%         N/A       100%        8
 Fire Storm               Conj/Fire      0%         5d1       100%        9
 Polar Vortex             Ice            0%         N/A       100%        9
 Corpse Rot               Necr/Pois/Air  Unusable   N/A       N/A         4
 Simulacrum               Ice/Necr       Unusable   N/A       N/A         6

Dungeon Overview and Level Annotations

Branches:
Dungeon (15/15)            Temple (1/1) D:5            Lair (5/5) D:9
  Swamp (4/4) Lair:2        Snake (4/4) Lair:2        Slime (0/5) Lair:4
    Orc (2/2) D:12            Elf (3/3) Orc:2        Vaults (5/5) D:14
  Crypt (3/3) Vaults:2       Tomb (0/3) Crypt:3      Depths (4/4) D:15
   Hell (visited)             Dis (0/7) Hell            Geh (0/7) Hell
    Coc (0/7) Hell            Tar (0/7) Hell            Zot (1/5) Depths:4

Altars:
Ashenzari
Cheibriados
Dithmenos
Elyvilon
Fedhas
Gozag
Hepliaklqana
Kikubaaqudgha
Makhleb
Nemelex Xobeh
Okawaru
Qazlal
Ru
Sif Muna
Trog
Uskayaw
Vehumet
Wu Jian
Xom
Yredelemnul
Zin
The Shining One
Beogh
Lugonu

Shops:
D:8 !?   D:9 :   D:10 :   D:14 [[   Orc:2 (*:[   Elf:1 ?:   Snake:3 *
Vaults:1 (   Vaults:3 =   Vaults:4 :[:!=*   Depths:1 [   Depths:3 *
Depths:4 :

Portals:
Hell: Depths:1 Depths:2 Depths:3 Depths:4
Abyss: Depths:2 Depths:3
Pandemonium: Depths:2 Depths:4
Ziggurat: Depths:2

Annotations:
D:13 4 transporters
Snake:3 2 transporters, exclusion: obsidian statue
Elf:1 3 runed translucent doors, qwert's ghost, journeyman MiMo
Crypt:2 2 transporters, Woadakig's ghost, veteran FoFi
Depths:2 2 transporters, safid's ghost, adept MiHu
Hell exclusion: orange crystal statue


Message History

You go up through the gate.
Welcome back to the Depths!
There is a gate to the Realm of Zot, spattered with blood here.
You slice the black draconian knight!! You burn the black draconian knight.
The black draconian knight is severely wounded.
The black draconian knight breathes lightning at you.
The bolt of lightning hits you!
* * * LOW HITPOINT WARNING * * *
The bolt of lightning hits you!!!
* * * LOW HITPOINT WARNING * * *
The bolt of lightning misses the black draconian knight. [a] - 208 gold - heal wounds and curing [b] - 378 gold - haste and brilliance [c] - 1036 gold - resistance, might, haste, heal wounds and magic Purchase which effect?
You feel protected.
You feel very mighty all of a sudden.
You feel yourself speed up.
You feel much better. Magic courses through your body.
The black draconian knight hits you with a +0 great sword!
* * * LOW HITPOINT WARNING * * *
Unknown command.
Blink to where?
Press: ? - help, Dir - move target
As you read the scroll of blinking, it crumbles to dust.
Okay, then.
A red film seems to cover your vision as you go berserk!
You feel yourself moving faster!
You feel mighty!
The black draconian knight casts a spell at you.
The shard of ice hits you!!!
* * * LOW HITPOINT WARNING * * *
You feel a strong urge to attack something.
The black draconian knight breathes lightning at you.
The bolt of lightning misses you. The bolt of lightning hits you. You resist.
* * * LOW HITPOINT WARNING * * *
You see here a +0 mace.
You closely miss the black draconian knight.
The black draconian knight is severely wounded.
The black draconian knight breathes lightning at you.
The bolt of lightning hits you! You resist.
You die...
Your body crumbles into a pile of gold.

##..#.#...#....###.........##..
#.....#####......######...##...
###.#.#...........#...#.###....
#.#...#.).......##..###.###..
#####...###........##.#...#.##.
#<......# ##.......#......#...#
####....# ###'##..............
###..##.#.# ##...#..#......#....
........######))@##########.#..##
............#..q## ##...##.)##.#.
.#........###...# ##.....##..#...
.#####....# #...###.....(.#).####
.# #....# ##..)##..###..))....#
.########## ##.)§#∩## ##.#....##
.##.......### ######### ###.)..#.
..#.#...#.#.## ##∩#∩..#####.))##.
..#.#.....'.)###.[##...##.###....


You could see a black draconian knight (fast, catching breath).

Vanquished Creatures
  A dread lich (Vaults:5)
  Mara (Swamp:3)
  Mennas (Crypt:3)
  A juggernaut (Depths:3)
  Bai Suzhen (Crypt:2)
  The ghost of mortz the Slayer, an adept DrCj of Elyvilon (Elf:2)
  The ghost of rrossfarrar the Hoplite, a veteran BaFi of Cheibriados (Crypt:3)
  Geryon (Hell)
  A curse toe (Zot:1)
  Vashnia (Snake:2)
  2 golden dragons
  A hellephant (Hell)
  Rupert (Orc:2)
  5 tentacled monstrosities
  2 walking crystal tomes (Depths:3)
  A deep elf blademaster (Elf:2)
  4 liches
  3 titans
  2 quicksilver dragons
  3 sphinxes
  Kirke (D:13)
  3 ancient champions (Hell)
  8 tengu reavers
  A death cob (Zot:1)
  Agnes (D:14)
  Gastronok (D:8)
  6 storm dragons
  Roxanne (Snake:4)
  Donald (Elf:2)
  2 azure jellies (Swamp:4)
  A draconian monk (Depths:4)
  The ghost of qwert the Bludgeoner, a journeyman MiGl of Wu Jian (D:13)
  5 shadow dragons
  8 fire giants
  4 revenants (Crypt:3)
  2 deep elf sorcerers
  5 nagarajas (Snake:4)
  6 frost giants
  A balrug (Depths:1)
  An iron dragon (Depths:3)
  A draconian scorcher (Depths:4)
  15 vault wardens
  2 orc warlords
  2 deep elf elementalists (Elf:3)
  6 spectral caustic shrikes
  Aizul (Snake:3)
  Louise (Swamp:2)
  2 spectral juggernauts (Crypt:3)
  2 draconian annihilators
  A spriggan defender (Depths:3)
  A caustic shrike skeleton (Crypt:1)
  14 ironbound preservers
  4 ghouls
  14 very ugly things
  7 vampire knights
  5 reapers
  15 stone giants
  Nessos (D:13)
  10 ironbound thunderhulks
  5 war gargoyles
  4 eleionomae
  2 deep elf annihilators
  3 deep elf demonologists
  2 yellow draconians (Depths:4)
  3 green draconians (Depths:4)
  A purple draconian (Depths:4)
  A wendigo (Hell)
  3 entropy weavers
  12 dire elephants
  4 bunyips
  3 white draconians (Depths:4)
  A red draconian (Depths:4)
  Azrael (Snake:1)
  7 spark wasps
  5 fire dragons
  A blizzard demon (Depths:1)
  19 ettins
  A crystal guardian (Hell)
  5 deep elf death magi
  Josephine (Orc:1)
  2 spectral quicksilver dragons (Crypt:3)
  A green death (Depths:4)
  An iron golem (Depths:1)
  11 eidola
  9 jiangshi
  2 deep elf high priests
  7 great orbs of eyes
  8 yaktaur captains
  5 rakshasas
  A shambling mangrove (Swamp:1)
  12 ice dragons
  Harold (D:10)
  Erolcha (D:10)
  21 vault guards
  3 peacekeepers
  A spriggan air mage (Depths:2)
  3 hell beasts
  4 ogre magi
  2 boulder beetles
  16 hydras
  3 salamander tyrants
  15 ironbound frosthearts
  5 alligators
  A catoblepas (Lair:5)
  Erica (Lair:1)
  12 anacondas
  16 two-headed ogres
  4 deep troll earth magi
  9 centaur warriors
  20 dancing weapons
  10 naga warriors
  2 death knights
  6 deep troll shamans
  7 tengu warriors
  4 hell hogs (Hell)
  9 shock serpents
  5 death yaks (Lair:5)
  4 vampire magi
  Urug (Orc:1)
  2 orc high priests (Orc:2)
  2 spectral dire elephants (Crypt:3)
  3 spectral storm dragons (Crypt:3)
  15 naga sharpshooters
  16 deep elf knights
  A spectral naga (Crypt:3)
  15 soul eaters
  A storm dragon zombie (Crypt:3)
  9 sun demons (Hell)
  4 spriggan berserkers
  A crystal echidna (Hell)
  7 hell knights
  8 shadow wraiths
  4 anaconda zombies (Snake:3)
  10 iron trolls
  11 skeletal warriors
  12 salamander mystics
  2 goliath frogs (Swamp:1)
  2 death drakes (Swamp:4)
  8 spectral anacondas
  3 swamp dragons
  11 flayed ghosts
  A steelbarb worm (shapeshifter) (Vaults:5)
  3 glowing orange brains
  9 naga ritualists
  3 anaconda skeletons
  33 deep trolls
  A quicksilver dragon simulacrum (Crypt:3)
  A spriggan rider (Depths:1)
  3 deep elf archers
  12 wizards
  8 orc knights
  A bunyip skeleton (Hell)
  15 lindwurms
  4 bog bodies
  6 spriggan druids
  Lodul (D:9)
  2 spriggan simulacra (Crypt:3)
  A harpy (Vaults:5)
  15 ironbound convokers
  17 phantasmal warriors
  9 necromancers
  A harpy (shapeshifter) (Elf:3)
  16 deep elf pyromancers
  16 deep elf zephyrmancers
  An orc sorcerer (D:15)
  A faun (shapeshifter) (Vaults:5)
  38 ugly things
  8 mana vipers
  7 cyclopes
  21 salamanders
  5 moths of wrath
  5 will-o-the-wisps
  2 manticores (D:15)
  Maurice (D:8)
  2 spectral alligator snapping turtles (Crypt:3)
  3 spectral centaurs (Crypt:3)
  A goliath frog skeleton (Crypt:2)
  11 elephants (Lair:5)
  A jorogumo skeleton (Crypt:1)
  23 naga magi
  20 vault sentinels
  An eleionoma skeleton (Crypt:3)
  A rust devil (Depths:4)
  6 guardian serpents
  A titan simulacrum (Crypt:3)
  Maggie (D:7)
  Joseph (D:8)
  8 smoke demons (Hell)
  42 black mambas
  A cane toad (shapeshifter) (Vaults:5)
  An orange demon (Depths:4)
  5 cane toads
  5 molten gargoyles (Hell)
  A black draconian zombie (Crypt:1)
  2 efreet
  2 unseen horrors
  2 rime drakes
  Psyche (D:8)
  6 kobold demonologists
  A bunyip simulacrum (Hell)
  22 yaktaurs
  A hellion (Hell)
  4 anaconda simulacra (Snake:3)
  18 freezing wraiths
  5 komodo dragons
  7 tengu conjurers
  A hellwing (Depths:4)
  A pale draconian skeleton (Crypt:3)
  3 ice devils
  A red devil (Hell)
  A yellow draconian skeleton (Crypt:2)
  3 spectral harpies (Crypt:3)
  A hydra zombie (Abyss:3)
  A harpy zombie (Crypt:2)
  14 trolls
  A bloated husk (Swamp:2)
  A queen bee (Orc:1)
  Grinder (D:5)
  A polar bear (Lair:5)
  14 hornets
  5 tyrant leeches
  2 queen bees (shapeshifter)
  42 slime creatures
  11 blink frogs
  A radroach zombie (Crypt:2)
  2 stone giant simulacra (Hell)
  An iron dragon simulacrum (Crypt:3)
  A jumping spider zombie (Crypt:1)
  An ice dragon zombie (Crypt:3)
  5 dream sheep (Lair:4)
  5 flying skulls
  2 air elementals
  15 spriggans
  2 naga simulacra
  20 shadows
  3 centaur simulacra
  4 water elementals
  6 wyverns
  A vampire (D:13)
  12 wraiths
  5 basilisks
  16 yaks
  4 fire elementals
  9 humans (D:14)
  2 neqoxecs
  3 chaos spawn (Depths:2)
  Grum (D:8)
  A basilisk (shapeshifter) (D:13)
  A black mamba skeleton (Crypt:2)
  A hog (D:13)
  3 redbacks (Vaults:2)
  4 vampire mosquitoes (Lair:2)
  2 steam dragons
  5 swamp worm simulacra (Swamp:4)
  4 large abominations (Depths:2)
  3 harpy simulacra (Crypt:3)
  34 nagas
  8 small abominations (Depths:2)
  14 swamp worms
  3 wargs
  An acid dragon (D:14)
  10 water moccasins
  14 hydra simulacra
  9 hell hounds
  5 swamp drakes
  A dream sheep zombie (Crypt:2)
  A floating eye (Depths:1)
  A snapping turtle zombie (Crypt:3)
  3 ice beasts
  25 orc warriors
  2 ettin simulacra (Crypt:3)
  8 black bears
  35 ogres
  A boggart (Elf:1)
  27 wolves
  7 centaurs
  10 kobold brigands
  A draconian zombie (Crypt:3)
  5 earth elementals
  7 bullfrogs
  3 gnoll sergeants
  2 necrophages
  3 scorpions
  A water moccasin zombie (Crypt:2)
  A warg zombie (Crypt:2)
  2 spriggan zombies (Crypt:1)
  6 wights
  A queen bee zombie (Crypt:3)
  40 killer bees
  4 howler monkeys
  6 electric eels
  2 spriggan skeletons
  A lava snake (Snake:1)
  3 jellies
  3 hounds
  2 gnoll boudas
  21 orc priests
  4 iguanas
  24 orc wizards
  A boggart skeleton (Crypt:3)
  A naga zombie (Crypt:2)
  7 adders
  38 gnolls
  A shadow imp (D:6)
  3 white imps
  2 ufetubi
  A swamp drake simulacrum (Swamp:4)
  A jelly zombie (Crypt:2)
  An iguana skeleton (Crypt:1)
  2 worms
  2 dart slugs
  89 orcs
  11 ball pythons
  3 bats
  8 endoplasms
  5 giant cockroaches
  10 hobgoblins
  11 jackals (D:4)
  6 quokkas
  A river rat zombie (Crypt:3)
  5 frilled lizards
  10 goblins
  16 kobolds
  3 rats
  A bush (Lair:5)
1995 creatures vanquished.

Vanquished Creatures (collateral kills)
  A dread lich (Vaults:5)
  Murray (Hell)
  A tengu reaver (Vaults:5)
  2 shadow dragons (Vaults:5)
  2 deep elf sorcerers (Elf:3)
  An ironbound preserver (Vaults:5)
  2 deep elf annihilators (Elf:3)
  An ettin (Vaults:5)
  A yaktaur captain (Vaults:5)
  A deep elf high priest (Vaults:5)
  5 vault guards (Vaults:5)
  An anaconda (shapeshifter) (Elf:3)
  A shadow wraith (Vaults:5)
  An ironbound convoker (Vaults:5)
  2 harpies (Vaults:5)
  A deep elf zephyrmancer (Elf:3)
  2 phantasmal warriors (Vaults:5)
  A cyclops (shapeshifter) (Vaults:5)
  A swamp worm (shapeshifter) (Vaults:5)
28 creatures vanquished.

Vanquished Creatures (others)
  An ancient lich (Vaults:5)
  A deep elf blademaster (Elf:3)
  A deep elf master archer (Elf:3)
  2 sphinxes (Vaults:5)
  A frost giant (Vaults:5)
  A vault warden (Vaults:5)
  A deep elf sorcerer (Elf:3)
  5 deep elf elementalists (Elf:3)
  2 stone giants (Vaults:5)
  An ironbound preserver (Vaults:5)
  4 deep elf annihilators (Elf:3)
  An entropy weaver (Vaults:5)
  4 deep elf death magi (Elf:3)
  2 ettins (Vaults:5)
  6 deep elf high priests (Elf:3)
  A yaktaur captain (Vaults:5)
  6 vault guards
  A hydra (Swamp:4)
  A deep elf knight (Elf:3)
  A goliath frog (Swamp:4)
  2 deep elf archers (Elf:3)
  A wizard (Vaults:4)
  A harpy (shapeshifter) (Vaults:5)
  A phantasmal warrior (Vaults:5)
  3 deep elf zephyrmancers (Elf:3)
  A manticore (shapeshifter) (Vaults:5)
  4 deep elf pyromancers (Elf:3)
  A moth of wrath (Zot:1)
  A salamander (Snake:1)
  A vault sentinel (Vaults:5)
  A black mamba (Snake:4)
  2 bloated husks (Swamp:4)
  A water elemental (Elf:1)
  A swamp worm simulacrum (Swamp:4)
  3 humans (D:13)
  A swamp drake simulacrum (Swamp:4)
  2 orcs (D:10)
  2 bushes (D:15)
  A butterfly (D:15)
  20 foxfires
  15 fungi
  79 plants
  3 starspawn tentacles (Abyss:3)
  3 withered plants (Crypt:3)
193 creatures vanquished.

Grand Total: 2216 creatures vanquished

Notes
Turn   | Place    | Note
-------+----------+-------------------------------------------
     0 | D:1      | retardedninja the Hill Orc Fighter began the quest for the
                  | Orb.
     0 | D:1      | Reached XP level 1. HP: 19/19 MP: 1/1
   328 | D:1      | Reached XP level 2. HP: 20/27 MP: 2/2
   803 | D:1      | Found a faded altar of an unknown god.
   806 | D:1      | Reached XP level 3. HP: 33/33 MP: 3/3
  1602 | D:2      | Found an ancient bone altar of Kikubaaqudgha.
  1686 | D:2      | Reached XP level 4. HP: 40/40 MP: 4/4
  2271 | D:3      | Reached XP level 5. HP: 35/47 MP: 5/5
  2609 | D:3      | Reached skill level 5 in Axes
  3678 | D:3      | Identified the +2 robe of the Pits of Slime {rElec}
  3687 | D:3      | Reached XP level 6. HP: 49/55 MP: 6/6
  4152 | D:4      | Reached skill level 5 in Fighting
  4219 | D:4      | Noticed a black bear
  4228 | D:4      | Killed a black bear
  4229 | D:4      | Reached XP level 7. HP: 41/61 MP: 7/7
  4878 | D:4      | Reached skill level 5 in Armour
  4992 | D:4      | HP: 3/61 [poisoned by a scorpion]
  4994 | D:4      | HP: 1/61 [poisoned by a scorpion]
  5373 | D:4      | You fall into a shaft and drop 3 floors!
  5385 | D:6      | Found a snail-covered altar of Cheibriados.
  5762 | D:6      | Reached XP level 8. HP: 44/70 MP: 8/8
  5984 | D:5      | Entered Level 5 of the Dungeon
  6128 | D:5      | Found a staircase to the Ecumenical Temple.
  6140 | Temple   | Entered the Ecumenical Temple
  6227 | Temple   | Became a worshipper of Gozag Ym Sagoz the Greedy
  6339 | D:5      | Found a burning altar of Makhleb.
  6435 | D:4      | Found a stormy altar of Qazlal.
  6553 | D:4      | Reached skill level 1 in Dodging
  6993 | D:4      | Reached skill level 10 in Axes
  8130 | D:5      | Found a hazy altar of Hepliaklqana.
  8139 | D:5      | Noticed Grinder
  8151 | D:5      | Killed Grinder
  8152 | D:5      | Reached skill level 1 in Stealth
  8152 | D:5      | Reached XP level 9. HP: 35/78 MP: 9/9
  8613 | D:5      | Identified the +0 robe "Bair" {Str+2}
  8786 | D:5      | Found a shimmering altar of Xom.
  8899 | D:5      | Found an ancient bone altar of Kikubaaqudgha.
  9002 | D:6      | Found an iron altar of Okawaru.
  9015 | D:6      | Identified the +1 robe "Lahades" {rElec rF- rCorr Str+2}
  9384 | D:6      | Found a white marble altar of Elyvilon.
  9389 | D:6      | Found a glowing silver altar of Zin.
  9406 | D:6      | Found a shimmering blue altar of Sif Muna.
  9406 | D:6      | Found a sparkling altar of Nemelex Xobeh.
 10640 | D:7      | Noticed Maggie
 10660 | D:7      | Killed Maggie
 10661 | D:7      | HP: 3/79 [orc warrior/+0 long sword (6)]
 10665 | D:7      | Reached XP level 10. HP: 4/86 MP: 10/10
 12034 | D:8      | Noticed Joseph
 12056 | D:8      | Killed Joseph
 12057 | D:8      | Reached skill level 5 in Shields
 12437 | D:8      | Noticed Maurice
 12469 | D:8      | Killed Maurice
 12760 | D:8      | Noticed Psyche
 12762 | D:8      | Noticed Grum
 12768 | D:8      | Killed Psyche
 12990 | D:8      | Killed Grum
 13359 | D:8      | Found Meugy's Magic Scroll Boutique.
 13362 | D:8      | Bought 3 scrolls of teleportation for 99 gold pieces
 13362 | D:8      | Bought a scroll of teleportation for 33 gold pieces
 13362 | D:8      | Bought a scroll of teleportation for 33 gold pieces
 13397 | D:8      | Got the Exposition on Numb Hurting
 13786 | D:8      | Noticed Gastronok
 13808 | D:8      | Killed Gastronok
 14332 | D:8      | Bought a potion of berserk rage for 90 gold pieces
 14384 | D:9      | Reached XP level 11. HP: 88/95 MP: 11/11
 14691 | D:9      | Reached skill level 10 in Armour
 14771 | D:9      | Found a staircase to the Lair.
 14828 | D:9      | Noticed a two-headed ogre
 14837 | D:9      | Killed a two-headed ogre
 14838 | D:9      | Reached skill level 15 in Axes
 15465 | D:9      | Found Ziveriqa's Book Shop.
 16859 | D:10     | Entered Level 10 of the Dungeon
 16902 | D:10     | Noticed Erolcha
 17456 | D:10     | Killed Erolcha
 17473 | D:10     | Noticed a two-headed ogre
 17520 | D:10     | Killed a two-headed ogre
 17580 | D:10     | Identified the +0 pair of gloves "Acaeh" {rF+}
 17588 | D:10     | Noticed Lodul
 17962 | D:9      | Killed Lodul
 18254 | D:9      | Reached skill level 10 in Fighting
 18638 | D:10     | Found Xythreil's Self-Improvement Boutique.
 19145 | D:10     | Found a shadowy altar of Dithmenos.
 19145 | D:10     | Found a glowing golden altar of the Shining One.
 19236 | D:11     | Noticed Harold
 19257 | D:10     | Killed Harold
 19258 | D:10     | Reached XP level 12. HP: 62/106 MP: 12/12
 19695 | D:11     | Noticed a boulder beetle
 19712 | D:11     | Killed a boulder beetle
 22876 | D:12     | Found a staircase to the Orcish Mines.
 23079 | D:13     | Noticed Nessos
 23080 | D:13     | Noticed a centaur warrior
 23270 | Orc:1    | Entered Level 1 of the Orcish Mines
 23270 | Orc:1    | Noticed Urug
 24079 | Lair:1   | Entered Level 1 of the Lair of Beasts
 24124 | Lair:1   | Noticed Erica
 24139 | Lair:1   | Killed Erica
 24707 | Lair:1   | Found a hide-covered altar of Uskayaw.
 24924 | Lair:1   | Noticed an eight-headed hydra
 24938 | Lair:1   | Killed a four-headed hydra
 25979 | Lair:2   | Reached XP level 13. HP: 105/117 MP: 13/13
 26060 | Lair:2   | Found a staircase to the Snake Pit.
 26303 | Lair:2   | Found a staircase to the Swamp.
 27312 | Lair:3   | Identified the +1 robe of Naewo {rPois Dex+2}
 27511 | Lair:3   | You fall into a shaft and drop 2 floors!
 27511 | Lair:5   | Entered Level 5 of the Lair of Beasts
 28397 | Lair:4   | Identified the amulet of Amuur {Regen+ Dex+2}
 29782 | Lair:4   | Found a staircase to the Slime Pits.
 30448 | Lair:5   | Reached XP level 14. HP: 114/130 MP: 14/14
 31338 | Orc:1    | Killed Urug
 31629 | Orc:2    | Entered Level 2 of the Orcish Mines
 31652 | Orc:2    | Reached skill level 15 in Armour
 32821 | Orc:2    | Reached skill level 15 in Fighting
 33317 | Orc:2    | Found Zusingok's Weapon Emporium.
 33320 | Orc:2    | Found Culobry's Assorted Antiques.
 33328 | Orc:2    | Found Melif's Book Shoppe.
 33329 | Orc:2    | Found Hegoamoa's Armour Shoppe.
 33331 | Orc:2    | Bought a murky dark potion for 29 gold pieces
 33339 | Orc:2    | Bought a +10 plate armour of ponderousness for 600 gold
                  | pieces
 33664 | Orc:2    | Found a staircase to the Elven Halls.
 33696 | Orc:2    | Noticed Rupert
 33722 | Orc:2    | Killed Rupert
 34004 | Orc:2    | Found a roughly hewn altar of Beogh.
 34549 | Orc:1    | Noticed Josephine
 34568 | Orc:1    | Reached XP level 15. HP: 54/140 MP: 15/15
 34570 | Orc:1    | Killed Josephine
 35732 | D:13     | Killed Nessos
 36718 | D:13     | Found a transporter.
 36725 | D:13     | Noticed Kirke
 36730 | D:13     | Noticed a sphinx
 36740 | D:13     | Killed Kirke
 36832 | D:13     | Reached skill level 10 in Shields
 36904 | D:13     | Found a runed translucent gate.
 36904 | D:13     | Found a runed translucent gate.
 36904 | D:13     | Found a runed translucent gate.
 36905 | D:13     | Noticed qwert's ghost (journeyman MiGl)
 36989 | D:13     | Found a transporter.
 37037 | D:13     | Found a transporter.
 37055 | D:13     | Found a transporter.
 37244 | D:13     | Killed qwert's ghost
 37564 | D:14     | Noticed Agnes
 37577 | D:14     | Killed Agnes
 37647 | D:14     | Found a gate to the Vaults.
 37819 | D:14     | Found a portal to a secret trove of treasure.
 38504 | D:15     | Entered Level 15 of the Dungeon
 38511 | D:15     | Identified the +9 falchion "Kank" {vorpal, Fragile +Blink
                  | Fly Dex+7}
 39202 | D:15     | Reached XP level 16. HP: 155/155 MP: 16/16
 39359 | D:15     | Found a white marble altar of Elyvilon.
 39454 | D:15     | Found a staircase to the Depths.
 40045 | Swamp:1  | Entered Level 1 of the Swamp
 40475 | Swamp:1  | Found a shimmering blue altar of Sif Muna.
 40679 | Swamp:1  | Paralysed by a hornet for 1 turns
 42164 | Swamp:2  | Noticed Louise
 42181 | Abyss:3  | Cast into level 3 of the Abyss (Louise)
 42185 | Abyss:3  | Found a corrupted altar of Lugonu.
 42238 | Abyss:3  | Noticed a tentacled starspawn
 42340 | Swamp:2  | Escaped the Abyss
 42348 | Swamp:2  | Killed Louise
 42827 | Swamp:3  | Noticed Mara
 42834 | Swamp:3  | Noticed retardedninja's illusion
 42852 | Swamp:3  | Killed Mara
 42853 | Swamp:3  | Reached XP level 17. HP: 135/166 MP: 14/17
 43490 | Swamp:3  | Identified the +5 ring mail of Light {rElec Will++}
 43596 | Swamp:4  | Entered Level 4 of the Swamp
 45228 | Swamp:4  | Got a decaying rune of Zot
 45597 | Snake:1  | Entered Level 1 of the Snake Pit
 45879 | D:14     | Bought the +3 pair of gauntlets of War {Slay+5} for 760
                  | gold pieces
 45879 | D:14     | Found the +3 pair of gauntlets of War {Slay+5}
 46038 | D:8      | Bought a potion of resistance for 180 gold pieces
 46038 | D:8      | Bought a potion of heal wounds for 90 gold pieces
 46038 | D:8      | Bought a potion of might for 72 gold pieces
 46038 | D:8      | Bought a potion of mutation for 144 gold pieces
 46038 | D:8      | Bought a potion of curing for 54 gold pieces
 46038 | D:8      | Bought a potion of mutation for 144 gold pieces
 46202 | Snake:1  | Noticed Azrael
 46231 | Snake:1  | Killed Azrael
 48214 | Snake:1  | You fall into a shaft and drop 1 floor!
 48413 | Snake:2  | Noticed Vashnia
 48421 | Snake:2  | Reached XP level 18. HP: 139/177 MP: 18/18
 48428 | Snake:2  | Killed Vashnia
 49309 | Snake:2  | Reached skill level 15 in Shields
 50282 | Snake:3  | Found Atroetos's General Store.
 50406 | Snake:3  | Found a transporter.
 50441 | Snake:3  | Found a transporter.
 50441 | Snake:3  | Found the +3 giant club "Skullcrusher" {speed, Str+7}
 51317 | Snake:3  | Noticed Aizul
 51325 | Snake:3  | Killed Aizul
 51813 | Snake:4  | Entered Level 4 of the Snake Pit
 52238 | Snake:4  | Identified Roxanne's Parchment of Geology
 52238 | Snake:4  | Noticed Roxanne
 52273 | Snake:4  | Killed Roxanne
 52965 | Snake:4  | Reached XP level 19. HP: 183/188 MP: 19/19
 54589 | Snake:4  | Identified the +1 ring mail of Grace {rElec rN+ Will+
                  | Stlth+}
 54931 | Snake:4  | Got a serpentine rune of Zot
 55329 | Elf:1    | Entered Level 1 of the Elven Halls
 55462 | D:8      | Bought a scroll of butterflies for 44 gold pieces
 55583 | Vaults:1 | Entered Level 1 of the Vaults
 56571 | Vaults:1 | Found Magodi's Weapon Emporium.
 56578 | Vaults:1 | You fall into a shaft and drop 1 floor!
 58321 | Vaults:1 | Reached skill level 1 in Evocations
 58521 | Vaults:2 | Reached XP level 20. HP: 200/200 MP: 20/20
 58997 | Vaults:2 | Found a staircase to the Crypt.
 59004 | Vaults:2 | Paralysed by a vampire knight for 5 turns
 60194 | Vaults:3 | Found Xigrykuf's Jewellery Shop.
 61022 | Vaults:3 | Reached skill level 5 in Evocations
 62031 | Vaults:4 | Found Pakoics's Assorted Antiques.
 62037 | Vaults:4 | Bought a runed cloak for 330 gold pieces
 62056 | Vaults:4 | Found Usmarr's Jewellery Shop.
 62069 | Vaults:4 | Bought the amulet of Jelel {Spirit +Inv Str+3 Dex+2} for
                  | 817 gold pieces
 62279 | Vaults:4 | Found Vemporoa's Distillery.
 62320 | Vaults:4 | Reached XP level 21. HP: 161/210 MP: 14/21
 63302 | Vaults:4 | Found Pezemo's Book Shoppe.
 64103 | Elf:1    | Found a runed translucent gate.
 64103 | Elf:1    | Found a runed translucent gate.
 64103 | Elf:1    | Found a runed translucent gate.
 64106 | Elf:1    | Noticed qwert's ghost (journeyman MiMo)
 64575 | Elf:1    | Found Jiegget Wyca's Book Shop.
 65272 | Elf:1    | Found Eressocu's Magic Scroll Shop.
 65290 | Elf:1    | Bought a scroll of butterflies for 44 gold pieces
 65290 | Elf:1    | Bought a scroll of enchant weapon for 82 gold pieces
 65290 | Elf:1    | Bought a scroll of summoning for 104 gold pieces
 65341 | Elf:2    | Noticed Donald
 65346 | Elf:2    | Killed Donald
 65430 | Elf:2    | Found a runed translucent door.
 65605 | Elf:2    | Paralysed by an air elemental for 1 turns
 65987 | Elf:2    | Noticed mortz's ghost (adept DrCj)
 66007 | Elf:2    | Killed mortz's ghost
 66187 | Elf:2    | Identified a scroll of acquirement
 66197 | Elf:2    | Found a huge runed translucent gate.
 66197 | Elf:2    | Found a huge runed translucent gate.
 66197 | Elf:2    | Found a huge runed translucent gate.
 66197 | Elf:2    | Found a huge runed translucent gate.
 66197 | Elf:2    | Found a huge runed translucent gate.
 66858 | Elf:2    | Acquired 884 gold pieces
 67097 | Elf:3    | Entered Level 3 of the Elven Halls
 68134 | Elf:3    | Identified the +2 triple sword of Slime {vorpal, rPois
                  | Dex+4}
 68135 | Elf:3    | Identified the +2 long sword of Big Damage {flame, rC- rN++
                  | Str+2 Int-3}
 68184 | Elf:3    | Identified the +3 ring mail of Buczotud {Str+9 Stlth+}
 68210 | Elf:3    | Identified the ring of Hismer {Fire Will+ Str+7 Dex-3}
 68213 | Elf:3    | Identified the +7 great sword of Sequestration {holy, rCorr
                  | Int+6 Dex-3}
 68338 | Elf:3    | Found a shimmering blue altar of Sif Muna.
 68646 | Elf:3    | Reached XP level 22. HP: 180/222 MP: 18/22
 68754 | Elf:3    | Identified the +6 short sword of Fimbulwinter {chaos, *Slow
                  | Str+4 Int+2}
 69734 | Vaults:5 | Entered Level 5 of the Vaults
 69852 | Vaults:5 | Noticed an ancient lich
 70452 | Vaults:5 | Noticed a dread lich
 70455 | Vaults:5 | Killed a dread lich
 70507 | Vaults:5 | Identified the ring "Iqoabex" {rElec rPois Str+3 Int+2}
 70552 | Vaults:5 | Got a silver rune of Zot
 71172 | Vaults:5 | Identified the +6 war axe of a volcano {freeze, Stlth+}
 71688 | Vaults:5 | Acquired 575 gold pieces
 71756 | Vaults:5 | Found the ring of the Mage {Wiz Archmagi}
 71998 | Vaults:5 | Noticed a golden dragon
 72006 | Vaults:5 | Killed a golden dragon
 72159 | Vaults:5 | Identified the +6 rapier "Grim Tooth" {freeze, *Rage Fly
                  | rN+++ Int+8}
 72412 | Vaults:5 | Noticed a dread lich
 72427 | Vaults:5 | Killed a dread lich
 72965 | Depths:1 | Entered Level 1 of the Depths
 73196 | Depths:1 | Paralysed by something for 2 turns
 73416 | Depths:1 | Got the Compendium of Flamy Vapour
 73467 | Depths:1 | Found a gateway to Hell.
 73499 | Depths:1 | Reached skill level 27 in Axes
 73508 | Depths:1 | Paralysed by a floating eye for 2 turns
 73515 | Depths:1 | Reached skill level 10 in Evocations
 73515 | Depths:1 | Reached XP level 23. HP: 179/232 MP: 2/23
 73558 | Depths:1 | Paralysed by a floating eye for 3 turns
 74027 | Depths:1 | Found Anutaock's Armour Boutique.
 74530 | Depths:1 | Acquired 1162 gold pieces
 74574 | Depths:2 | Found a transporter.
 74912 | Depths:2 | Noticed safid's ghost (adept MiHu)
 75292 | Depths:2 | Found a one-way gateway to a ziggurat.
 75308 | Depths:2 | Found a transporter.
 75926 | Depths:2 | Identified the +0 ring mail of Watchfulness {Harm Int+7
                  | Stlth-}
 75951 | Depths:2 | Found a one-way gate to the infinite horrors of the Abyss.
 76017 | Depths:2 | Found a one-way gate leading to the halls of Pandemonium.
 76495 | Depths:3 | Noticed a juggernaut
 76509 | Depths:3 | Killed a juggernaut
 77837 | Depths:3 | Found a glowing golden altar of the Shining One.
 77837 | Depths:3 | Found a white marble altar of Elyvilon.
 77837 | Depths:3 | Found a glowing silver altar of Zin.
 78420 | Depths:3 | Bought a scroll of butterflies for 76 gold pieces
 78422 | Depths:4 | Entered Level 4 of the Depths
 78805 | D:14     | You paid a toll of 8 scrolls of butterflies to enter a
                  | treasure trove
 78806 | Trove    | Entered a treasure trove
 78829 | Trove    | Got Uduera's Book of a Hundred Shrikes
 78839 | Trove    | Got Sif Muna's Spellcraft, Part One
 78863 | Trove    | Got Paleq Dissa's Catalogue of the Productive Nimbus
 79075 | Depths:4 | Found a gate to the Realm of Zot.
 79134 | Depths:4 | Noticed a golden dragon
 79141 | Depths:4 | Killed a golden dragon
 79153 | Depths:4 | Reached XP level 24. HP: 184/247 MP: 22/23
 79460 | Depths:4 | Found a radiant altar of Vehumet.
 79962 | Depths:4 | Found Jahuech's Vocational Training.
 79970 | Depths:4 | Bought a manual of Evocations for 1360 gold pieces
 81246 | Depths:2 | Noticed a caustic shrike
 81397 | Crypt:1  | Entered Level 1 of the Crypt
 81762 | Crypt:1  | Reached skill level 27 in Fighting
 81973 | Crypt:1  | Reached skill level 1 in Throwing
 82365 | Crypt:2  | Found a transporter.
 82374 | Crypt:2  | Noticed Woadakig's ghost (veteran FoFi)
 82379 | Crypt:2  | Found a transporter.
 82489 | Crypt:2  | Found the +0 mask of the Dragon {Will+ Slay+3 SInv}
 82586 | Crypt:2  | Noticed Bai Suzhen
 82603 | Crypt:2  | Killed Bai Suzhen
 82838 | Crypt:2  | Reached skill level 5 in Throwing
 83059 | Crypt:3  | Entered Level 3 of the Crypt
 83109 | Crypt:3  | Noticed Mennas
 83143 | Crypt:3  | Killed Mennas
 83327 | Crypt:3  | Found a staircase to the Tomb.
 84315 | Crypt:3  | Found a runed translucent gate.
 84315 | Crypt:3  | Found a runed translucent gate.
 84315 | Crypt:3  | Found a runed translucent gate.
 84316 | Crypt:3  | Noticed rrossfarrar's ghost (veteran BaFi)
 84932 | Crypt:3  | Reached XP level 25. HP: 254/255 MP: 23/23
 84978 | Crypt:3  | Identified the ring of Devotion {rPois rC+ Dex+3}
 85250 | Crypt:3  | Killed rrossfarrar's ghost
 85814 | Hell     | Entered the Vestibule of Hell
 85825 | Hell     | Noticed Geryon
 85836 | Hell     | Noticed Murray
 85863 | Hell     | Killed Murray
 86917 | Hell     | Killed Geryon
 87009 | Hell     | Found a gateway to the ashen valley of Gehenna.
 87350 | Hell     | Paralysed by a wendigo for 1 turns
 87358 | Hell     | Found a gateway to the freezing wastes of Cocytus.
 87360 | Hell     | Paralysed by a wendigo for 1 turns
 87367 | Hell     | Paralysed by a wendigo for 1 turns
 87378 | Hell     | Paralysed by a wendigo for 1 turns
 87382 | Hell     | Paralysed by a wendigo for 1 turns
 87814 | Hell     | Found a gateway to the Iron City of Dis.
 88003 | Hell     | Found a gateway to the decaying netherworld of Tartarus.
 88524 | Zot:1    | Entered Level 1 of the Realm of Zot
 89556 | Depths:4 | HP: 6/385 [black draconian knight/shard of ice[a yellow
                  | draconian annihilator] (45)]
 89559 | Depths:4 | Killed from afar by a black draconian knight

Illustrated notes

Levels and vault maps discovered:
D:1:      giann_bridges, layout_loops_ring,
          shapermc_ecumenical_altar_totnotflames
D:2:      layout_loops_ring, basic_altar, minmay_close_crescents
D:3:      layout_basic, minmay_distorted
D:4:      lemuel_castle_with_subvaults [lemuel_castle_interior_original],
          layout_basic, kennysheep_mini
D:5:      layout_loops_cross, lemuel_coloured_pillars_altar,
          nicolae_hepliaklqana_hazy_memory, bloody_makhleb, xom_butterflies,
          minmay_temple_entry_large_hall, uniq_grinder
D:6:      layout_gridville, lemuel_crystal_altar, general_overflow_altar,
          grunt_temple_overflow_open
D:7:      layout_basic, kennysheep_generic_room_4, uniq_maggie
D:8:      layout_basic, serial_shops, kennysheep_mini_moat, uniq_gastronok,
          uniq_grum, uniq_joseph, uniq_maurice, uniq_psyche
D:9:      layout_layer_cave, minmay_lair_entry_grove, serial_shops,
          nicolae_shop_statue_plus
D:10:     layout_small_grid, gammafunk_temple_overflow_elements,
          nicolae_shop_self_help, uniq_lodul, uniq_erolcha
D:11:     layout_basic, portal_ice_cave_demonic_guard,
          nicolae_figureground_pulse, uniq_harold
D:12:     layout_loops_ring, orc_0_dummy, amcnicky_mini_pool_small
D:13:     layout_rooms, gammafunk_ghost_nasty_kobolds,
          nicolae_transporter_circle, uniq_kirke, uniq_nessos
D:14:     layout_stronghold, ximxim_vaults_locker_room, trove_entry_hex_spiral,
          roderic_nine_men_s_morris, uniq_agnes
D:15:     hangedman_depths_entry_civil_slaughter, layout_cave_pools,
          nicolae_elyvilon_peaceful_grove
Temple:   corrupted_temple
Lair:1:   layout_cave_pods, basic_altar, uniq_erica
Lair:2:   layout_loops_ring, minmay_swamp_entry_swarm,
          guppyfry_snake_entry_garden
Lair:3:   layout_cellular_growth, chequers_serial_rivers_room_b,
          serial_bayou_shore_a, infiniplex_staircase_pool
Lair:4:   layout_loops_ring, dpeg_slime_entry_corner
Lair:5:   grunt_lair_end_beastmaster, layout_hall_layers, serial_forest,
          infiniplex_forest_straight_2, infiniplex_forest_straight_3,
          infiniplex_forest_split, infiniplex_forest_clump_C,
          infiniplex_forest_end_2, infiniplex_forest_clump_medium
Swamp:1:  nicolae_swamp_ascending_descending_big, layout_falls_marsh,
          nicolae_swamp_godswood
Swamp:2:  layout_basic_swamp, evilmike_swamp_ruin_house_2, swamp_pool1,
          uniq_louise
Swamp:3:  layout_basic_swamp, serial_swamp_ruin, hangedman_swamp_ruin_wall,
          hangedman_swamp_ruin_hall, swamp_pool5, uniq_mara
Swamp:4:  swamp_icy, layout_basic_swamp
Snake:1:  layout_basic, grunt_ministairs_12, nicolae_snake_salamander_fort,
          grunt_megastairs_3, uniq_azrael
Snake:2:  layout_layer_cave, grunt_megastairs_5, nicolae_triple_integral,
          uniq_vashnia
Snake:3:  gammafunk_sealed_arena, layout_cave_town, serial_shops,
          nicolae_shop_temple_entry_statues_fountains,
          nicolae_snake_dead_anacondas, uniq_aizul
Snake:4:  snake_pit, layout_cave_town, hangedman_corner_corridor, uniq_roxanne
Orc:1:    layout_caves, special_room [special_room_bee], uniq_urug,
          uniq_josephine
Orc:2:    st_orc_open, layout_caves, bh_open_orc_temple, uniq_rupert
Elf:1:    layout_loops_ring, gammafunk_ghost_split, serial_shops,
          nicolae_lakefront_shop, nicolae_shop_advertising_works
          [nicolae_subvault_shop_adworks], hangedman_elf_disciples,
          nicolae_elf_stone_circles, glass_columns_b,
          amcnicky_mini_corridor_feature
Elf:2:    elven_hall_of_blades_hangedman_alternative
          [nicolae_blade_entry_hurt_lockers], layout_geoelf_grid,
          ebering_ghost_reflecting_pool, uniq_donald
Elf:3:    minmay_elf_hall_curves, layout_geoelf_diagonals, basic_altar,
          grunt_megastairs_2
Vaults:1: nicolae_vaults_ninety_degrees, v_misc_30, hangedman_vaults_corner,
          v_alt_pattern_1, nicolae_vaults_asterisk, grunt_vaults_twisty,
          layout_vaults_quadrants, serial_shops, nicolae_square_shop
Vaults:2: vaults_mumra_hex, v_misc_16, v_alt_pattern_4, v_rooms_4, v_rooms_2,
          minmay_crypt_entry_simple_corners, v_misc_1, grunt_vaults_bifocal,
          nicolae_vaults_puzzle_piece, ontoclasm_vaults_spin, vaults_room_pools,
          vaults_dpeg_ring, nicolae_vaults_rhombus_7,
          nicolae_vaults_shelves_hall, layout_vaults_maze_bifur, serial_shops,
          bzr_entry_safe
Vaults:3: v_misc_13, vaults_room_octagon, nicolae_vaults_bisected_inception,
          hangedman_vaults_restitches, nicolae_vaults_triangles,
          hangedman_vaults_snaps, nicolae_vaults_little_squares_2, v_misc_33,
          nicolae_vaults_circle_grid_a, ontoclasm_vaults_fault,
          vaults_room_grunt_arrival_ludios, vaults_dpeg_emergency_exit,
          layout_vaults_omnibox, serial_shops, shop
Vaults:4: v_misc_32, nicolae_vaults_network_star, ontoclasm_vaults_ring_small,
          st_lines, v_alt_pattern_4, v_misc_18, nicolae_vaults_little_ls,
          grunt_vaults_trifunnel, vaults_room_fours,
          nicolae_vaults_network_square, vaults_mumra_lcd, layout_vaults_ring,
          serial_shops, nicolae_shop_behind_doors, nicolae_shop_hallway_plus,
          nicolae_shop_stone, shop
Vaults:5: serial_shops
Crypt:1:  layout_basic, serial_sigils, serial_sigils_hangedman_clutch,
          serial_sigils_hangedman_scratch, serial_sigils_hangedman_stare,
          serial_sigils_hangedman_writhe
Crypt:2:  minmay_shadows, layout_gridlike, gammafunk_ghost_abyssal_escape,
          item_on_display_a, uniq_bai_suzhen
Crypt:3:  due_elkab, layout_chaotic_city, tomb_entry_forgotten_bobbens,
          gammafunk_ghost_necromancy, uniq_margery, uniq_mennas
Depths:1: minmay_angry_zag, layout_basic, serial_shops, shop,
          grunt_mini_vestibule, minmay_the_grid_square_5x5_3x3_mashed
          [minmay_the_grid_square_5x5_shrine2,
          minmay_the_grid_square_5x5_minibox,
          minmay_the_grid_square_5x5_moneybag,
          minmay_the_grid_square_5x5_beaten_path,
          minmay_the_grid_square_5x5_megaprize_hollow,
          minmay_the_grid_square_5x5_six_small,
          minmay_the_grid_square_5x5_inner_v,
          minmay_the_grid_square_5x5_trominoes,
          minmay_the_grid_square_5x5_pentomino_r]
Depths:2: minmay_distorted_concentric_squares, layout_cave_pools,
          enter_ziggurat_e, pf_vacation_house_of_asmodeus,
          minmay_room_of_horrors, nzn_ghost_randoct, pan_entry,
          bh_walls_and_bars
Depths:3: hangedman_arch_fort, layout_honeycomb, abyss_entry,
          good_gods_mini_temple, hell_entry, kennysheep_small_circle,
          infiniplex_staircase_pillars_2
Depths:4: grunt_zot_entry_pinwheel, layout_honeycomb, pf_hell_entry_tar_river,
          fiery_altar_vehumet, rand_demon_pan_entry_9, nicolae_shop_vocational,
          uniq_grunn, uniq_josephina
Hell
Zot:1:    layout_misc_corridors

Skill      XL: |  1  2  3  4  5  6  7  8  9 10 11 12 13 14 15 16 17 18 19 20 21 22 23 24 25 |
---------------+----------------------------------------------------------------------------+-----
Axes           | 3 4 5 7 8 11 12 14 16 17 18 19 20 21 22 23 24 25 26 27 | 27.0
Fighting       | 4 5 6 7 8 10 11 13 15 17 18 19 20 21 22 23 24 26 27 | 27.0
Armour         | 4 5 6 7 9 11 13 14 15 16 17 18 19 20 21 | 21.6
Dodging        | 1 2 3 |  3.5
Shields        | 4 5 6 7 8 9 10 12 14 16 17 18 19 20 21 23 | 23.1
Stealth        | 1 2 |  2.4
Evocations     | 1 5 8 10 11 12 13 | 13.9
Throwing       | 8 |  8.6
Unarmed Combat | |  0.5
Invocations    | |  0.1

Action                   |  1- 3 |  4- 6 |  7- 9 | 10-12 | 13-15 | 16-18 | 19-21 | 22-24 | 25-27 || total
-------------------------+-------+-------+-------+-------+-------+-------+-------+-------+-------++-------
Melee: War axe           |   118 |   156 |   357 |   537 |   933 |  1352 |  1207 |  1233 |   366 ||  6259
Throw: Throwing net      |       |     3 |       |       |       |     1 |     1 |     1 |       ||     6
Invok: Call Merchant     |       |       |       |     1 |       |     2 |       |     3 |       ||     6
       Potion Petition   |       |       |       |     2 |     3 |     5 |     1 |     2 |     2 ||    15
       Bribe Branch      |       |       |       |       |       |       |     1 |     1 |       ||     2
Evoke: Condenser vane    |       |       |       |       |       |     1 |     2 |       |       ||     3
       Tin of tremorston |       |       |       |       |       |     1 |       |       |       ||     1
       Wand              |       |       |       |       |       |       |       |     1 |       ||     1
  Use: Potion            |       |     3 |     7 |     7 |    10 |     7 |    12 |     8 |     4 ||    58
       Scroll            |       |       |    17 |    14 |     5 |    17 |    13 |     8 |     7 ||    81
 Stab: Distracted        |       |       |     3 |     1 |     4 |    22 |     8 |    11 |     5 ||    54
       Invisible         |       |       |       |     2 |       |     1 |     5 |     1 |       ||     9
       Petrifying        |       |       |       |       |     1 |       |       |       |       ||     1
       Held in net/web   |       |       |       |       |       |       |     1 |       |       ||     1
Armor: Scale mail        |    38 |       |       |       |       |       |       |       |       ||    38
       Chain mail        |    13 |    98 |   200 |   176 |       |       |       |       |       ||   487
       Skin              |       |       |     3 |    10 |       |       |       |       |       ||    13
       Plate armour      |       |       |       |    41 |   458 |   731 |   420 |   563 |   220 ||  2433
Dodge: Dodged            |    66 |    64 |   112 |   307 |   487 |   431 |   250 |   215 |    84 ||  2016
Block: Buckler           |    28 |    34 |    68 |   119 |   269 |    16 |       |       |       ||   534
       Kite shield       |       |       |       |       |       |   866 |   728 |   878 |   313 ||  2785
